 Dungeon Crawl Stone Soup version 0.28.0-49-g6dfe1f597d (console) character file.

Game seed: 6312267114099700899

203 capslocke the Skirmisher (level 6, -1/43 (49) HPs)
             Began as a Formicid Abyssal Knight on May 16, 2022.
             Was a Priest of Lugonu.
             Slain by a wight
             ... wielding a +4 flail
              (7 damage)
             ... on level 3 of the Dungeon.
             The game lasted 00:18:11 (3495 turns).

capslocke the Skirmisher (Formicid Abyssal Knight)  Turns: 3495, Time: 00:18:12

HP:   -1/43 (49)    AC:  9    Str: 19    XL:     6   Next: 8%
MP:   7/7           EV:  7    Int: 10    God:    Lugonu [***...]
Gold: 164           SH:  3    Dex: 11    Spells: 5/5 levels left

rFire   . . .      SeeInvis +   a - +1 falchion
rCold   . . .      Faith    .   d - +0 buckler
rNeg    . . .      Spirit   .   m - +0 chain mail {rPois}
rPois   +          Reflect  .   (helmet unavailable)
rElec   .          Harm     .   (no cloak)
rCorr   .          Rampage  .   (no gloves)
Will    .....                   (no boots)
Stlth   ..........              q - amulet of regeneration
HPRegen 0.94/turn               (no ring)
MPRegen 0.10/turn               (no ring)

@: heavily drained
A: permanent stasis, dig shafts and tunnels, antennae 3, four strong arms
a: Dig, Shaft Self, Renounce Religion, Depart the Abyss, Bend Space, Banish


You were on level 3 of the Dungeon.
You worshipped Lugonu.
Lugonu was most pleased with you.
You visited 1 branch of the dungeon, and saw 4 of its levels.
You visited the Abyss 1 time.

You collected 164 gold pieces.

Inventory:

Hand Weapons
 a - a +1 falchion (weapon)
Armour
 b - a +0 leather armour
 d - a +0 buckler (worn)
 m - a +0 chain mail of poison resistance (worn)
Jewellery
 q - an amulet of regeneration (around neck)
Scrolls
 j - a scroll of torment {unknown}
 r - 3 scrolls of identify {unknown}
 s - a scroll of enchant armour {unknown}
 t - a scroll of magic mapping {unknown}
 u - a scroll of enchant weapon {unknown}
Potions
 c - a potion of resistance {unknown}
 e - a potion of mutation {unknown}
 f - a potion of berserk rage {unknown}
 g - a potion of degeneration {unknown}
 h - 2 potions of lignification {unknown}
 i - 2 potions of attraction {unknown}
 k - a potion of curing
 l - 2 potions of brilliance {unknown}
 n - a potion of heal wounds {unknown}
 o - 2 potions of flight {unknown}
 p - a potion of invisibility {unknown}


   Skills:
 + Level 4.3 Fighting
 + Level 4.0 Long Blades
 + Level 3.4 Armour
 + Level 1.4 Dodging
 + Level 1.1 Shields
 + Level 2.4 Invocations


You had 5 spell levels left.
You didn't know any spells.
Your spell library was empty.

Dungeon Overview and Level Annotations

Branches:
Dungeon (4/15)
 Temple: D:4-7

Altars:

Shops:
D:2 *


Innate Abilities, Weirdness & Mutations

You cannot be hasted, slowed, berserked, paralysed or teleported.
You can dig through walls and to a lower floor.
You have a pair of large antennae on your head. (SInv)
Your four strong arms can wield two-handed weapons with a shield.


Message History

The goblin barely misses you. The goblin hits you but does no damage.
You block the wight's attack.
The wight hits you from afar with a +3 spear.
* * * LOW HITPOINT WARNING * * *
You feel drained.
You feel better. The goblin hits you but does no damage.
You block the goblin's attack.
The wight hits you from afar with a +3 spear.
* * * LOW HITPOINT WARNING * * *
You feel drained.
* * * LOW HITPOINT WARNING * * *
The wight hits you with a +0 mace.
* * * LOW HITPOINT WARNING * * *
Space bends around you!
You blink.
A wight comes into view. It is wielding a +0 morningstar.
There is a stone staircase leading up here.
The wight hits you but does no damage.
You climb upwards.
There is a stone staircase leading down here.
You hit the wight.
The wight is lightly damaged.
The wight hits you with a +4 flail.
You barely miss the wight.
The wight is lightly damaged.
The wight hits you with a +4 flail!
* * * LOW HITPOINT WARNING * * *
You feel drained. The wight hits you with a +4 flail.
* * * LOW HITPOINT WARNING * * *
You feel better. The wight hits you with a +4 flail.
* * * LOW HITPOINT WARNING * * *
You hit the wight.
The wight is heavily damaged.
You block the wight's attack.
You hit the wight.
The wight is severely damaged.
The wight completely misses you.
You hit the wight.
The wight is almost destroyed.
The wight hits you with a +4 flail!
You die...

#.# #.#.# #.# #...# #.#
###.# ##### #.# #.#######
....# #.# #.....".### ###.#
#.# ###..####...# #.# #.#
#...##..##†.# #.# #.#
#z#.#.......#
#.###.########@#.#..##...#
#...........##.#.##..##..#
###.###.#####.##.#..##..#..#
.........# ##.##.#...†..#..#
###.####.###...#.#.##..##..#
#.# #.##......#..####...#
#.# #...†.(........†....#
#.# ####......#........##
#.########...#.##########


You could see a wight.

Vanquished Creatures
  A hound (D:4)
  Terence (D:3)
  Robin (D:4)
  4 adders
  2 worms (D:2)
  4 dart slugs
  7 bats
  7 endoplasms
  4 giant cockroaches
  15 goblins
  4 hobgoblins
  7 quokkas
  11 ball pythons
  3 frilled lizards
  3 kobolds
  8 rats
82 creatures vanquished.

Notes
Turn   | Place    | Note
-------+----------+-------------------------------------------
     0 | Abyss:1  | capslocke the Formicid Abyssal Knight began the quest for
                  | the Orb.
     0 | Abyss:1  | Reached XP level 1. HP: 18/18 MP: 2/2
    26 | D:1      | Escaped the Abyss
   146 | D:1      | Reached XP level 2. HP: 5/24 MP: 3/3
   386 | D:1      | Found a faded altar of an unknown god.
   436 | D:1      | Reached skill level 1 in Dodging
   636 | D:1      | Reached XP level 3. HP: 19/30 MP: 4/4
   798 | D:1      | Reached ** piety under Lugonu
  1263 | D:2      | Found Macicuir's General Store.
  1582 | D:2      | Reached XP level 4. HP: 30/37 MP: 5/5
  2957 | D:3      | Noticed Terence
  2965 | D:3      | Killed Terence
  2966 | D:3      | Reached XP level 5. HP: 20/42 MP: 6/6
  3357 | D:4      | Reached *** piety under Lugonu
  3387 | D:4      | Reached skill level 1 in Shields
  3427 | D:4      | Noticed Robin
  3447 | D:4      | Killed Robin
  3448 | D:4      | Reached XP level 6. HP: 27/48 MP: 7/7
  3491 | D:3      | HP: 2/43 [wight/+4 flail (5)]
  3495 | D:3      | Slain by a wight

Illustrated notes

Levels and vault maps discovered:
D:1:      lemuel_arrival_hallway, layout_rooms, shapermc_ecumenical_altar_venn,
          kennysheep_pointless_box, minmay_misc_feat_pillars
D:2:      layout_loops_ring, serial_shops, nicolae_shop_stone
D:3:      layout_loops_ring, minmay_close_crescents, uniq_terence
D:4:      cheibrodos_greedy_goblins, layout_cave_pools,
          ebering_dispersal_statue_hall, uniq_robin

Skill      XL: |  1  2  3  4  5  6 |
---------------+-------------------+-----
Dodging        | 1 |  1.4
Fighting       | 4 |  4.3
Long Blades    | 3 4 |  4.0
Armour         | 3 |  3.4
Shields        | 1 |  1.1
Invocations    | |  2.4

Action                   |  1- 3 |  4- 6 || total
-------------------------+-------+-------++-------
Melee: Falchion          |   128 |   205 ||   333
       Punch             |     2 |       ||     2
Invok: Bend Space        |       |     2 ||     2
  Use: Potion            |       |     3 ||     3
Armor: Leather armour    |    48 |       ||    48
       Chain mail        |       |   181 ||   181
Dodge: Dodged            |    95 |    89 ||   184
Block: Buckler           |    20 |    45 ||    65
